 Dungeon Crawl Stone Soup version 0.22-a0-271-gc000056 (webtiles) character file.

649848 4thArraOfDagon the Sorcerer (level 27, -18/199 (205) HPs)
             Began as a Barachi Earth Elementalist on Mar 11, 2018.
             Was the Champion of Vehumet.
             Killed from afar by an orb of fire (49 damage)
             ... with a fireball
             ... on level 24 of a ziggurat on Mar 12, 2018.
             The game lasted 02:50:38 (20940 turns).

4thArraOfDagon the Sorcerer (BaEE)                 Turns: 20940, Time: 02:50:39

HP:   -18/199 (205) AC: 14    Str: 12    XL:     27
MP:   47/95         EV: 25    Int: 46    God:    Vehumet [******]
Gold: 3920          SH: 18    Dex: 21    Spells: 18/78 levels left

rFire    . . .     SeeInvis .   V - staff of power {!a}
rCold    . . .     Gourm    .   O - +4 shield of the Shore {Regen+}
rNeg     + + .     Faith    .   I - +2 robe {Archmagi}
rPois    +         Spirit   .   k - +2 hat of Pats {Int+4}
rElec    +         Reflect  .   f - +2 cloak
rCorr    .         Harm     .   q - +1 pair of gloves of Springtime {Int+4 Dex+3}
MR       +++..                  t - +2 pair of boots "Quetull" {MP+9 Str+4}
Stlth    ++........             R - amulet "Tutus" {RegenMP rPois Int+4 Dex+2}
HPRegen  1.83/turn              P - ring "Nuicio Bion" {rN+ MR+ MP+9 Dex-2}
MPRegen  0.79/turn              y - ring of Quricuw {rN+ MP+9 Int+6 Dex+3}

@: very slightly contaminated, regenerating, slow
A: +LOS, swims, agile 1, poison resistance, electricity resistance, slowness 1,
weak 1, strong legs 2
}: 2/15 runes: serpentine, barnacled
a: Hop, Renounce Religion


You were on level 24 of a ziggurat.
You worshipped Vehumet.
Vehumet was exalted by your worship.
You were full.

You visited 7 branches of the dungeon, and saw 39 of its levels.
You visited 1 ziggurat, and saw 24 of its levels.
You also visited: Ice Cave.

You collected 4132 gold pieces.
You spent 212 gold pieces at shops.

Inventory:

Missiles
 b - 604 stones (quivered)
Armour
 f - a +2 cloak (worn)
 k - the +2 hat of Pats (worn) {Int+4}
   (You acquired it on level 14 of a ziggurat)

   It affects your intelligence (+4).
 q - the +1 pair of gloves of Springtime (worn) {Int+4 Dex+3}
   (You found it on level 3 of the Elven Halls)

   It affects your intelligence (+4).
   It affects your dexterity (+3).
 t - the +2 pair of boots "Quetull" (worn) {MP+9 Str+4}
   (You acquired it on level 14 of a ziggurat)

   It affects your strength (+4).
   It affects your magic capacity (+9).
 I - a +2 robe of the Archmagi (worn)
 O - the +4 shield of the Shore (worn) {Regen+}
   (You found it on level 7 of the Dungeon)

   It increases your rate of regeneration.
 T - the +2 robe of Vines {NoPotionHeal Regen+7}
   (You found it on level 18 of a ziggurat)

   It increases your rate of regeneration.
Magical Staves
 V - an uncursed staff of power (weapon) {!a}
Jewellery
 c - the ring of Virtue {rC+ rN++ Dex-4}
   (You found it on level 17 of a ziggurat)

   [ring of protection from cold]

   It affects your dexterity (-4).
   It protects you from cold.
   It greatly protects you from negative energy.
 e - the amulet of Yhekus {RegenMP rN+}
   (You found it on level 21 of a ziggurat)

   [amulet of magic regeneration]

   It increases your magic regeneration.
   It protects you from negative energy.
 i - an uncursed ring of protection from cold
 m - an uncursed ring of protection from fire
 s - the ring of the Salamander {+Inv rF++ MR- SInv}
   (You found it on level 15 of a ziggurat)

   [ring of see invisible]

   It greatly protects you from fire.
   It affects your resistance to hostile enchantments.
   It lets you see invisible.
   It lets you turn invisible.
 w - the ring "Wem Pou" {Fire +Blink MP+9 Dex+4, unknown}
   (You found it on level 18 of a ziggurat)

   [ring of fire]

   It enhances your fire magic.
   It affects your dexterity (+4).
   It protects you from fire.
   It makes you vulnerable to cold.
   It affects your magic capacity (+9).
   It lets you blink.
 y - the ring of Quricuw (right hand) {rN+ MP+9 Int+6 Dex+3}
   (You acquired it on level 14 of a ziggurat)

   [ring of intelligence]

   It affects your intelligence (+6).
   It affects your dexterity (+3).
   It protects you from negative energy.
   It affects your magic capacity (+9).
 J - the ring "Fosiguc" {rCorr MP+9}
   (You found it on level 19 of a ziggurat)

   [ring of resist corrosion]

   It affects your magic capacity (+9).
 P - the ring "Nuicio Bion" (left hand) {rN+ MR+ MP+9 Dex-2}
   (You found it on level 15 of a ziggurat)

   [ring of positive energy]

   It affects your dexterity (-2).
   It protects you from negative energy.
   It affects your resistance to hostile enchantments.
   It affects your magic capacity (+9).
 R - the amulet "Tutus" (around neck) {RegenMP rPois Int+4 Dex+2}
   (You found it on level 17 of a ziggurat)

   [amulet of magic regeneration]

   It increases your magic regeneration.
   It affects your intelligence (+4).
   It affects your dexterity (+2).
   It protects you from poison.
Wands
 a - a wand of scattershot (5)
 u - a wand of digging (13)
 Q - a wand of iceblast (20)
 S - a wand of acid (11)
Scrolls
 h - 6 scrolls of immolation
 j - 7 scrolls of fear
 l - 7 scrolls of fog
 v - 8 scrolls of blinking
 x - 19 scrolls of remove curse
 F - 26 scrolls of teleportation
 K - 2 scrolls of magic mapping
 N - 2 scrolls of holy word
 W - 5 scrolls of amnesia
 Z - 2 scrolls of summoning
Potions
 n - 2 potions of agility
 o - 5 potions of flight
 p - 10 potions of mutation
 r - 14 potions of curing
 z - a potion of cancellation
 A - 2 potions of heal wounds
 B - 13 potions of might
 C - 3 potions of berserk rage
 E - a potion of haste
 G - 3 potions of ambrosia
 H - 2 potions of brilliance
 L - 3 potions of resistance
 M - a potion of lignification
 X - 3 potions of magic
 Y - 3 potions of invisibility
Miscellaneous
 g - a crystal ball of energy
 D - 6 boxes of beasts
 U - a lightning rod (4/4)
Comestibles
 d - 46 rations


   Skills:
 + Level 14.4 Fighting
 - Level 2.6 Armour
 - Level 14.0 Dodging
 - Level 1.7 Stealth
 - Level 15.0 Shields
 - Level 26.0 Spellcasting
 - Level 19.4 Conjurations
 - Level 8.3 Charms
 - Level 7.0 Necromancy
 - Level 1.1 Transmutations
 - Level 17.0 Fire Magic
 - Level 21.7 Earth Magic
 - Level 6.0 Evocations


You had 18 spell levels left.
You knew the following spells:

 Your Spells              Type           Power        Failure   Level  Hunger
a - Sandblast             Erth           ######       0%          1    None
b - Passage of Golubria   Tloc           N/A          2%          4    None
c - Lee's Rapid Deconstr  Erth           #########.   0%          5    None
d - Apportation           Tloc           ######       1%          1    None
e - Passwall              Tmut/Erth      ########..   0%          2    None
f - Petrify               Tmut/Erth      ########     1%          4    None
g - Shatter               Erth           #########.   1%          9    None
h - Statue Form           Tmut/Erth      ########.    1%          6    None
i - Regeneration          Chrm/Necr      ########..   1%          3    None
j - Fire Storm            Conj/Fire      ########..   2%          9    None
k - Iron Shot             Conj/Erth      #########.   0%          6    None
l - Sublimation of Blood  Necr           ########..   1%          2    None
m - Ignition              Fire           ########..   1%          8    None


Dungeon Overview and Level Annotations

Branches:
Dungeon (15/15)            Temple (0/1) D:5            Lair (6/6) D:11
 Shoals (4/4) Lair:3        Snake (4/4) Lair:4        Slime (0/5) Lair:5
    Orc (2/2) D:9             Elf (3/3) Orc:2        Vaults (0/5) D:14
 Depths (5/5) D:15
    Zot: Depths:5

Altars:
Ashenzari
Elyvilon
Fedhas
Hepliaklqana
Kikubaaqudgha
Nemelex Xobeh
Okawaru
Sif Muna
Trog
Vehumet
Wu Jian
Zin
The Shining One
Beogh
Jiyva
Lugonu

Shops:
D:4 =   Orc:1 %   Orc:2 *}*?   Elf:1 ?   Snake:2 [

Portals:
Hell: Depths:4
Abyss: Depths:3
Pandemonium: Depths:2 Depths:3

Annotations:
D:12 Vesto's ghost, journeyman GrFi
D:13 ThereIsNoGod's ghost, journeyman SpVM
Elf:2 3 runed doors
Depths:1 Ghella's ghost, adept DDBe
Depths:4 exclusion: downstairs


Innate Abilities, Weirdness & Mutations

Shadows flee at your approach. (+LOS)
You can swim through water.
You cover ground slowly.
You can hop long distances.
You are agile. (Dex +2)
Your system is resistant to poisons. (rPois)
You are resistant to electric shocks. (rElec)
You are weak. (Str -2)


Message History

The balrug is severely wounded.
The great blast of fire engulfs the efreet.
The efreet partially resists.
The efreet is almost dead.
The great blast of fire engulfs the orb of fire.
The orb of fire partially resists.
The orb of fire is severely damaged.
The great blast of fire engulfs the fire dragon.
The fire dragon partially resists.
The fire dragon is moderately wounded.
You are engulfed in blazing flames.
* * * LOW HITPOINT WARNING * * *
The fire dragon is engulfed in blazing flames.
The fire crab bites your fire vortex!
Your fire vortex is engulfed in flames.
Your fire vortex completely resists.
The fire crab claws your fire vortex!
Your fire vortex is engulfed in flames.
Your fire vortex completely resists.
The orb of fire glows bright magenta.
The fireball explodes!
The fireball engulfs you!
You die...

.............▓▓
.......§......▓▓
.......§.tt....▓
.......§§§Rvv..▓▓
.......§§t§§§...▓
.......§D2v§§§§§▓
.......§ED§§§§§§▓
........§§§§v§§§▓▓
........t.*..§§§@▓
........v....§§§▓▓
..............§§▓
................▓
................▓
...............▓▓
...............▓
..............▓▓
.............▓▓


You could see an orb of fire, 2 fire dragons, a balrug, 4 fire crabs, an efreet,
a fire elemental and 5 friendly fire vortices.

Vanquished Creatures
  Mara (Depths:3)
  6 orbs of fire (Zig:24)
  An ancient lich (Zig:19)
  3 juggernauts (Zig:23)
  Sojobo (Depths:1)
  A pandemonium lord (Zig:16)
  5 greater mummies
  Saint Roka (Depths:1)
  2 caustic shrikes (Depths:3)
  2 Killer Klowns (Zig:8)
  A golden dragon (Depths:3)
  7 Brimstone Fiends
  2 hellephants
  An iron giant (Zig:18)
  3 bone dragons
  5 liches
  4 Tzitzimimeh
  An Ice Fiend (Zig:16)
  2 Hell Sentinels
  19 large abominations
  3 tentacled monstrosities
  Asterion (Elf:3)
  A titan (Depths:3)
  4 deep elf master archers
  5 deep elf blademasters
  10 acid blobs
  6 tentacled starspawn
  3 sphinxes
  Frances (Shoals:1)
  Kirke (D:14)
  A shadow dragon (shapeshifter) (Zig:8)
  7 shadow dragons
  10 azure jellies
  2 storm dragons (Zig:15)
  3 tengu reavers
  11 fire giants
  Ilsuiw (Shoals:4)
  Donald (Orc:2)
  A revenant (Zig:14)
  Aizul (Elf:3)
  A fire giant (shapeshifter) (Zig:8)
  7 nagarajas (Snake:4)
  10 orc warlords (Zig:23)
  6 black suns
  5 frost giants
  6 iron dragons
  7 deep elf sorcerers (Elf:3)
  A warmonger (Zig:16)
  13 balrugs
  3 caustic shrike zombies
  3 corrupters
  Louise (D:14)
  5 deep elf elementalists (Elf:3)
  10 reapers
  3 juggernaut zombies
  A spriggan defender (Depths:3)
  2 blood saints
  14 very ugly things
  4 caustic shrike skeletons
  2 juggernaut skeletons
  3 war gargoyles
  9 stone giants
  7 deep elf annihilators
  6 deep elf demonologists
  Azrael (Orc:2)
  3 eidola
  3 blizzard demons (Zig:16)
  11 fire dragons
  4 ettins
  A death ooze (Zig:11)
  6 merfolk javelineers (Shoals:4)
  A green death (Zig:16)
  5 mummy priests
  5 merfolk impalers
  13 deep elf death magi
  Erolcha (Orc:2)
  5 great orbs of eyes
  6 deep elf high priests
  Josephine (Orc:2)
  Fannar (D:11)
  3 yaktaur captains
  11 hydras
  3 jiangshi (Depths:2)
  13 naga warriors
  5 rakshasas
  11 ice dragons
  6 catoblepae
  2 death knights
  4 vault guards (D:14)
  7 spriggan air magi
  A ghost crab (Zig:7)
  A hell beast (Zig:16)
  4 anacondas
  A two-headed ogre (shapeshifter) (Zig:8)
  7 centaur warriors
  2 alligators (Zig:7)
  4 merfolk avatars
  6 merfolk aquamancers
  A satyr (shapeshifter) (Depths:3)
  6 ogre magi
  7 tengu warriors
  9 death yaks
  20 dancing weapons
  9 deep troll shamans
  7 alligator snapping turtles
  6 satyrs
  18 two-headed ogres
  2 death scarabs
  3 spriggan berserkers
  4 hell hogs
  10 deep troll earth magi
  A shock serpent (Snake:4)
  14 orc high priests
  3 vampire magi
  12 naga sharpshooters (Snake:4)
  10 thrashing horrors
  A titan zombie (Zig:18)
  3 soul eaters
  2 storm dragon zombies
  A spectral spriggan (Zig:14)
  10 deep elf knights
  7 wretched stars
  2 iron golems
  Sonja (D:15)
  4 fire crabs
  3 hell knights
  3 spatial maelstroms (Zig:20)
  19 skeletal warriors
  7 iron trolls
  2 sixfirhies
  3 shadow wraiths (Zig:14)
  27 deep trolls
  4 death drakes (Zig:15)
  3 flayed ghosts
  2 titan skeletons
  12 sea snakes
  2 unseen horrors
  A shambling mangrove (Zig:7)
  2 salamander mystics
  A gelid demonspawn (Zig:16)
  6 glowing orange brains
  An infernal demonspawn (Zig:16)
  6 naga ritualists
  12 starcursed masses
  5 swamp dragons
  10 deep elf archers
  5 orc knights
  A shadow demon (Zig:19)
  3 wizards
  An obsidian statue (Zig:12)
  2 tengu zombies
  2 sphinx zombies (Zig:21)
  16 harpies
  A shadow dragon zombie (Zig:21)
  A necromancer (Depths:1)
  A golden dragon skeleton (Zig:21)
  2 shining eyes
  A wolf spider (shapeshifter) (D:14)
  2 lindwurms
  2 mana vipers
  19 manticores
  12 ugly things
  5 oklob plants (Zig:14)
  4 cyclopes
  3 frost giant zombies
  A sphinx skeleton (Zig:21)
  2 worldbinders
  67 deep elf magi
  17 orc sorcerers
  22 fauns
  3 iron dragon skeletons
  8 merfolk sirens
  3 moths of wrath (Zig:23)
  6 elephants
  2 frost giant skeletons (Depths:2)
  A guardian serpent (Snake:4)
  An orange demon (Zig:16)
  2 fire giant skeletons (Depths:2)
  12 salamanders
  3 spriggan zombies
  7 rust devils
  17 black mambas
  A black mamba (shapeshifter) (Depths:3)
  2 apocalypse crabs
  An ice statue (IceCv)
  An eye of devastation (Zig:19)
  26 naga magi
  2 stone giant skeletons (Depths:2)
  7 elf zombies
  9 spiny frogs
  A gargoyle (D:11)
  A titan simulacrum (Zig:20)
  7 smoke demons
  6 water nymphs
  A kobold demonologist (D:11)
  A spiny frog (shapeshifter) (Depths:3)
  A yaktaur zombie (Depths:1)
  7 spriggan skeletons
  6 efreet
  5 spectral swamp worms (Depths:2)
  20 yaktaurs
  3 guardian mummies
  10 hellions
  9 komodo dragons
  2 yaktaurs (shapeshifter)
  5 elf skeletons
  4 rime drakes
  8 ice devils
  3 tengu conjurers
  2 freezing wraiths
  7 tormentors
  A golden dragon simulacrum (Depths:1)
  8 ancient zymes
  22 merfolk
  2 hellwings
  18 polar bears
  3 red devils (Zig:21)
  11 wind drakes
  A polar bear (shapeshifter) (D:13)
  7 hornets
  6 trolls
  14 blink frogs
  24 slime creatures
  A snapping turtle (shapeshifter) (Depths:2)
  A hornet (shapeshifter) (Depths:3)
  3 raiju
  A fire giant simulacrum (Zig:10)
  An ice dragon zombie (Depths:1)
  6 dream sheep
  A blink frog (shapeshifter) (Depths:5)
  12 hippogriffs
  A redback (shapeshifter) (Elf:3)
  4 ynoxinuls
  2 shadows
  10 snapping turtles
  3 spriggans (Depths:3)
  9 wyverns
  20 flying skulls
  85 yaks
  A vampire (D:10)
  2 ettin skeletons (Depths:2)
  22 water elementals
  7 air elementals
  A wyvern (shapeshifter) (Elf:3)
  17 wraiths
  3 basilisks (Shoals:3)
  6 ushabtiu
  5 golden eyes
  9 fire elementals
  A human (D:14)
  5 hungry ghosts
  2 basilisks (shapeshifter)
  5 hogs (D:14)
  3 vampire mosquitoes (D:13)
  8 chaos spawn
  3 steam dragons
  4 wargs
  32 nagas
  An insubstantial wisp (Zig:7)
  A human zombie (Zig:12)
  13 water moccasins
  2 acid dragons (Zig:15)
  A soldier ant (D:14)
  A swamp worm (shapeshifter) (Depths:3)
  22 hell hounds
  A floating eye (shapeshifter) (Zig:8)
  A human skeleton (Depths:2)
  A swamp drake (shapeshifter) (Depths:3)
  3 floating eyes
  37 orc warriors
  8 porcupines
  3 swamp drakes
  4 ice beasts
  A hornet zombie (D:12)
  3 sky beasts
  2 necrophages
  43 wolves
  32 ogres
  4 phantoms
  8 eyes of draining
  8 boggarts
  7 centaurs
  21 crocodiles
  6 small abominations
  Blork the orc (D:4)
  3 big kobolds
  13 bullfrogs
  4 earth elementals
  A wyvern zombie (D:7)
  4 scorpions
  23 killer bees
  2 wights
  4 tengu skeletons
  3 electric eels
  A centaur zombie (D:8)
  6 crimson imps
  A quasit (D:10)
  7 hounds
  18 orc priests
  4 bullfrog zombies
  5 jellies
  3 centaur skeletons
  26 orc wizards
  4 bullfrog skeletons
  5 iron imps
  5 iguanas
  A lightning spire (Zig:7)
  8 hell rats (Lair:1)
  11 worker ants
  A hound zombie (D:9)
  2 hound skeletons
  20 mummies
  2 worker ant zombies
  Robin (D:4)
  12 river rats (Lair:1)
  11 adders
  3 shadow imps
  12 white imps (D:14)
  2 oozes
  An adder skeleton (D:6)
  2 dart slugs
  5 leopard geckos
  60 orcs
  A ball python (D:1)
  12 bats
  2 giant cockroaches (D:1)
  13 goblins
  10 hobgoblins
  5 jackals
  7 quokkas
  A frilled lizard (D:3)
  A jackal skeleton (D:4)
  22 kobolds
  14 rats
  2 crawling corpses (Elf:3)
  49 fire vortices
  33 fungi
  263 plants
  3 starspawn tentacles
2529 creatures vanquished.

Vanquished Creatures (collateral kills)
  2 fire dragons (Zig:24)
  An elf zombie (Zig:21)
3 creatures vanquished.

Vanquished Creatures (others)
  A deep elf mage (Zig:13)
  A polar bear (IceCv)
  2 hogs (D:14)
  An acid dragon (Zig:15)
  An orc wizard (Orc:2)
  123 fire vortices
  13 fungi
  37 plants
  3 starspawn tentacles
  A withered plant (Shoals:3)
183 creatures vanquished.

Grand Total: 2715 creatures vanquished

Notes
Turn   | Place    | Note
-------+----------+-------------------------------------------
     0 | D:1      | 4thArraOfDagon the Barachi Earth Elementalist began the quest for the Orb.
     0 | D:1      | Reached XP level 1. HP: 13/13 MP: 3/3
   142 | D:1      | Reached XP level 2. HP: 13/19 MP: 5/5
   297 | D:3      | Reached XP level 3. HP: 5/24 MP: 5/7
   408 | D:3      | Found a faded altar of an unknown god.
   447 | D:3      | Found an iron altar of Okawaru.
   450 | D:3      | Found a radiant altar of Vehumet.
   452 | D:3      | Found an ancient bone altar of Kikubaaqudgha.
   453 | D:3      | Found a white marble altar of Elyvilon.
   453 | D:3      | Found a shattered altar of Ashenzari.
   455 | D:3      | Found a bloodstained altar of Trog.
   456 | D:3      | Found a deep blue altar of Sif Muna.
   460 | D:3      | Became a worshipper of Vehumet
   527 | D:2      | Learned a level 3 spell: Stone Arrow
   647 | D:2      | Found a blossoming altar of Fedhas.
   669 | D:2      | Reached skill level 3 in Spellcasting
   669 | D:2      | Reached XP level 4. HP: 15/30 MP: 3/8
  1233 | D:4      | Reached skill level 5 in Earth Magic
  1233 | D:4      | Reached XP level 5. HP: 35/35 MP: 0/10
  1278 | D:4      | Learned a level 5 spell: Lee's Rapid Deconstruction
  1308 | D:4      | Noticed Robin
  1361 | D:4      | Noticed a phantom
  1381 | D:4      | Killed a phantom
  1381 | D:4      | Reached XP level 6. HP: 15/41 MP: 4/11
  1390 | D:4      | Reached skill level 4 in Spellcasting
  1413 | D:4      | Reached * piety under Vehumet
  1413 | D:4      | Offered knowledge of Shock by Vehumet.
  1516 | D:4      | Noticed Blork the orc
  1524 | D:4      | Killed Blork the orc
  1539 | D:4      | Killed Robin
  1588 | D:4      | Found Qeakk's Jewellery Shoppe.
  1652 | D:4      | Reached XP level 7. HP: 36/46 MP: 7/13
  1786 | D:5      | Entered Level 5 of the Dungeon
  1896 | D:5      | Found a glowing silver altar of Zin.
  1923 | D:5      | Found a staircase to the Ecumenical Temple.
  1948 | D:5      | Reached skill level 5 in Spellcasting
  2010 | D:5      | Got a heavy robe
  2026 | D:5      | Identified the +1 robe of the Evening {MR+ Int-2 Dex+4} (You found it on level 5 of the Dungeon)
  2181 | D:6      | Reached XP level 8. HP: 52/52 MP: 7/16
  2302 | D:6      | Offered knowledge of Sting by Vehumet.
  2302 | D:6      | Reached ** piety under Vehumet
  2364 | D:6      | Reached skill level 6 in Spellcasting
  2390 | D:6      | Gained mutation: You are partially covered in molten scales. (AC +2) [potion of mutation]
  2390 | D:6      | Gained mutation: You are agile. (Dex +2) [potion of mutation]
  2650 | D:7      | Learned a level 1 spell: Apportation
  2653 | D:7      | Learned a level 2 spell: Passwall
  2716 | D:7      | Got a faintly humming leather armour
  2727 | D:7      | Identified the +1 leather armour of Sif Muna's Castigation {Str+8 Int-3 Dex-2 Stlth+} (You found it on level 7 of the Dungeon)
  2760 | D:7      | Found an ornate altar of the Wu Jian Council.
  2858 | D:7      | Reached XP level 9. HP: 40/57 MP: 7/19
  2950 | D:7      | Got a pitted shield
  2967 | D:7      | Offered knowledge of Dazzling Spray by Vehumet.
  2967 | D:7      | Reached skill level 7 in Spellcasting
  2967 | D:7      | Reached skill level 10 in Earth Magic
  3089 | D:7      | Noticed a two-headed ogre
  3178 | D:7      | Killed a two-headed ogre
  3178 | D:7      | Reached skill level 8 in Spellcasting
  3218 | D:7      | Reached XP level 10. HP: 63/63 MP: 10/22
  3233 | D:7      | Got an ancient quarterstaff
  3258 | D:7      | Identified the +5 quarterstaff of Japrucae {holy, *Corrode +Inv Int+5 Dex+4} (You found it on level 7 of the Dungeon)
  3316 | D:7      | Reached *** piety under Vehumet
  3684 | D:8      | Found a hazy altar of Hepliaklqana.
  3695 | D:8      | Found a glowing golden altar of the Shining One.
  3798 | D:8      | Offered knowledge of Ignite Poison by Vehumet.
  4160 | D:9      | Reached skill level 9 in Spellcasting
  4254 | D:10     | Entered Level 10 of the Dungeon
  4272 | D:10     | Reached **** piety under Vehumet
  4402 | D:10     | Offered knowledge of Olgreb's Toxic Radiance by Vehumet.
  4579 | D:10     | Reached XP level 11. HP: 59/68 MP: 13/24
  4689 | D:9      | Found a sparkling altar of Nemelex Xobeh.
  4712 | D:11     | Noticed a white ugly thing
  4725 | D:11     | Killed a white ugly thing
  4725 | D:11     | Reached skill level 10 in Spellcasting
  4738 | D:11     | Noticed Fannar
  4824 | D:11     | Found a staircase to the Lair.
  5087 | D:11     | Killed Fannar
  5087 | D:11     | Reached ***** piety under Vehumet
  5115 | D:11     | Identified the +4 shield of the Shore {Regen+} (You found it on level 7 of the Dungeon)
  5209 | D:11     | Offered knowledge of Fulminant Prism by Vehumet.
  5279 | D:11     | Reached skill level 1 in Shields
  5329 | D:11     | Identified a scroll of acquirement
  5424 | D:12     | Noticed Vesto's ghost (journeyman GrFi)
  5618 | D:13     | Noticed a centaur warrior
  5618 | D:13     | Noticed a seven-headed hydra
  5652 | D:12     | Noticed a brown ugly thing
  5656 | D:12     | Killed a brown ugly thing
  5680 | D:12     | Noticed a skeletal warrior
  5685 | D:12     | Killed a skeletal warrior
  5713 | D:12     | Noticed a two-headed ogre
  5726 | D:12     | Killed a two-headed ogre
  5769 | D:12     | Noticed a skeletal warrior
  5771 | D:12     | Killed a skeletal warrior
  5771 | D:12     | Reached skill level 11 in Spellcasting
  5771 | D:12     | Reached XP level 12. HP: 74/74 MP: 15/27
  5880 | D:12     | Reached skill level 15 in Earth Magic
  6187 | D:13     | Noticed ThereIsNoGod's ghost (journeyman SpVM)
  6262 | D:13     | Killed a centaur warrior
  6370 | D:13     | Reached skill level 5 in Shields
  6443 | D:14     | Noticed Louise
  6455 | D:14     | Noticed a two-headed ogre
  6455 | D:14     | Killed Louise
  6497 | D:14     | Killed a two-headed ogre
  6526 | D:14     | Found a frozen archway.
  6529 | D:14     | Noticed a vault guard
  6530 | D:14     | Noticed a vault guard
  6543 | D:14     | Killed a vault guard
  6545 | D:14     | Killed a vault guard
  6545 | D:14     | Offered knowledge of Fireball by Vehumet.
  6593 | IceCv    | Entered an ice cave
  6627 | IceCv    | Gained mutation: You can hop long distances. [Barachi growth]
  6627 | IceCv    | Reached XP level 13. HP: 79/79 MP: 22/28
  6675 | IceCv    | Reached skill level 12 in Spellcasting
  7115 | IceCv    | Noticed a frost giant
  7119 | IceCv    | Killed a frost giant
  7140 | IceCv    | Got a transparent pewter amulet
  7354 | D:13     | Got a shimmering leather armour
  7599 | D:13     | Reached XP level 14. HP: 85/85 MP: 25/30
  7655 | D:14     | Found a gate to the Vaults.
  7661 | D:14     | Reached skill level 13 in Spellcasting
  7662 | D:14     | Noticed Kirke
  7872 | D:15     | Entered Level 15 of the Dungeon
  8050 | D:15     | Identified the amulet "Boih" {Reflect *Contam rC+ MP+9 SH+3} (You found it in an ice cave)
  8151 | D:15     | Noticed Sonja
  8153 | D:15     | Killed Sonja
  8380 | D:14     | Offered knowledge of Bolt of Magma by Vehumet.
  8386 | D:14     | Killed Kirke
  8386 | D:14     | Reached skill level 10 in Shields
  8486 | D:14     | Lost mutation: You are agile. (Dex +2) [potion of mutation]
  8486 | D:14     | Lost mutation: You are partially covered in molten scales. (AC +2) [potion of mutation]
  8486 | D:14     | Gained mutation: Scrolls take you a little longer to read. [potion of mutation]
  8486 | D:14     | Gained mutation: You evolve. [potion of mutation]
  8486 | D:14     | Gained mutation: Your skin changes colour to match your surroundings (Stealth+). [potion of mutation]
  8486 | D:14     | Gained mutation: You are agile. (Dex +2) [potion of mutation]
  8487 | D:14     | Lost mutation: Scrolls take you a little longer to read. [potion of mutation]
  8487 | D:14     | Gained mutation: You are frail. (-10% HP) [potion of mutation]
  8488 | D:14     | Lost mutation: You are frail. (-10% HP) [potion of mutation]
  8488 | D:14     | Lost mutation: You are agile. (Dex +2) [potion of mutation]
  8488 | D:14     | Lost mutation: You evolve. [potion of mutation]
  8488 | D:14     | Gained mutation: You are agile. (Dex +2) [potion of mutation]
  8488 | D:14     | Gained mutation: You are resistant to electric shocks. (rElec) [potion of mutation]
  8488 | D:14     | Lost mutation: Your skin changes colour to match your surroundings (Stealth+). [potion of mutation]
  8488 | D:14     | Gained mutation: Your system is resistant to poisons. (rPois) [potion of mutation]
  8995 | D:9      | Found a staircase to the Orcish Mines.
  9005 | Orc:1    | Entered Level 1 of the Orcish Mines
  9100 | Orc:1    | Found Mebbuh's Food Emporium.
  9101 | Orc:1    | Found a roughly hewn altar of Beogh.
  9267 | Orc:2    | Entered Level 2 of the Orcish Mines
  9267 | Orc:2    | Noticed Erolcha
  9358 | Orc:2    | Identified the +1 leather armour of the Seven Ghosts {*Contam MR+ rCorr Stlth+} (You found it on level 13 of the Dungeon)
  9528 | Orc:2    | Noticed Donald
  9671 | Orc:2    | Noticed Josephine
  9679 | Orc:2    | Killed Josephine
  9699 | Orc:2    | Killed Erolcha
  9870 | Orc:2    | Offered knowledge of Poison Arrow by Vehumet.
  9921 | Orc:2    | Learned a level 4 spell: Petrify
  9966 | Orc:2    | Noticed Azrael
  9970 | Orc:2    | Killed Azrael
 10030 | Orc:2    | Reached XP level 15. HP: 90/90 MP: 17/32
 10132 | Orc:2    | Found a staircase to the Elven Halls.
 10167 | Orc:2    | Found Oqoutima's Magic Scroll Boutique.
 10167 | Orc:2    | Found Marphips's Assorted Antiques.
 10169 | Orc:2    | Found Nys Piso's General Store.
 10169 | Orc:2    | Found Nol Limush's Gadget Shoppe.
 10188 | Orc:2    | Bought a potion of curing for 36 gold pieces
 10188 | Orc:2    | Bought a scroll of identify for 24 gold pieces
 10191 | Orc:2    | Bought a scroll of identify for 26 gold pieces
 10191 | Orc:2    | Bought a scroll of identify for 26 gold pieces
 10191 | Orc:2    | Bought a scroll of magic mapping for 45 gold pieces
 10245 | Orc:2    | Killed Donald
 10246 | Orc:2    | Reached skill level 14 in Spellcasting
 10370 | Elf:1    | Entered Level 1 of the Elven Halls
 10714 | Elf:1    | Reached ****** piety under Vehumet
 10865 | Elf:2    | Offered knowledge of Bolt of Cold by Vehumet.
 10876 | Elf:2    | p0werm0de: !hs * baee
 10879 | Elf:2    | beem: 229. cosmonaut the Sorcerer (L27 BaEE of Ashenzari), escaped with the Orb and 15 runes on 2017-11-01 00:27:28, with 16698149 points after 92890 turns and 8:15:30.
 10896 | Elf:2    | Found a runed gate.
 10898 | Elf:2    | p0werm0de: heyo
 10898 | Elf:2    | Found a runed gate.
 10914 | Elf:2    | 4thArraOfDagon: hey
 10915 | Elf:3    | Entered Level 3 of the Elven Halls
 10935 | Elf:3    | p0werm0de: https://youtu.be/-6b_h-C-h2k?t=137
 10950 | Elf:3    | p0werm0de: x/
 10972 | Elf:3    | Noticed a deep elf blademaster
 10974 | Elf:3    | Killed a deep elf blademaster
 10978 | Elf:3    | Noticed a deep elf elementalist
 10979 | Elf:3    | Killed a deep elf elementalist
 11009 | Elf:2    | Reached XP level 16. HP: 96/96 MP: 4/34
 11038 | Elf:2    | Identified the +1 war axe "Nurhy" {chop, +Inv rC+} (You found it on level 2 of the Elven Halls)
 11411 | Elf:3    | Reached skill level 15 in Spellcasting
 11415 | Elf:3    | Noticed Asterion
 11425 | Elf:3    | Killed Asterion
 11439 | Elf:3    | Noticed Aizul
 11457 | Elf:3    | Killed Aizul
 11589 | Elf:3    | Learned a level 9 spell: Shatter
 11683 | Elf:3    | Noticed a deep elf blademaster
 11685 | Elf:3    | Killed a deep elf blademaster
 11754 | Elf:3    | Noticed a deep elf master archer
 11762 | Elf:3    | Killed a deep elf master archer
 11765 | Elf:3    | Noticed a deep elf master archer
 11767 | Elf:3    | Killed a deep elf master archer
 11773 | Elf:3    | Reached XP level 17. HP: 101/101 MP: 21/36
 11798 | Elf:3    | Got an encrusted leather armour
 11822 | Elf:3    | Offered knowledge of Bolt of Fire by Vehumet.
 12037 | Elf:3    | Got a glittering copper ring
 12098 | Elf:3    | Reached skill level 16 in Spellcasting
 12119 | Elf:3    | Got a pitted brass ring
 12134 | Elf:3    | Identified the +2 leather armour of the Ditch-Digger {rPois SInv} (You took it off a deep elf mage on level 3 of the Elven Halls)
 12156 | Elf:3    | Got a warped glass ring
 12247 | Elf:3    | Identified the Compendium of Translocation
 12272 | Elf:3    | Got a fine scale mail
 12278 | Elf:3    | Got a pair of encrusted gloves
 12291 | Elf:3    | Identified the cursed +1 scale mail "Mery" {Str+5 Int+2 Dex+4} (You found it on level 3 of the Elven Halls)
 12296 | Elf:3    | Identified the +1 pair of gloves of Springtime {Int+4 Dex+3} (You found it on level 3 of the Elven Halls)
 12303 | Elf:3    | Identified the ring "Hehi" {+Fly rPois MR- Dex+2 SInv} (You took it off a deep elf knight on level 3 of the Elven Halls)
 12305 | Elf:3    | Identified the ring "Gil Asi" {+Fly rPois rF- MR+ Slay+2} (You took it off a deep elf high priest on level 3 of the Elven Halls)
 12307 | Elf:3    | Identified the ring of Nedinaz {rC+ rN+ MR+ Int-2} (You took it off a deep elf mage on level 3 of the Elven Halls)
 12308 | Elf:3    | jacquesderrida: dagan
 12355 | Elf:2    | Found a runed gate.
 12484 | Elf:1    | Found Hiplanos's Magic Scroll Emporium.
 12492 | Elf:1    | Bought a scroll of fog for 22 gold pieces
 12492 | Elf:1    | Bought a scroll of teleportation for 33 gold pieces
 12758 | Lair:1   | Entered Level 1 of the Lair of Beasts
 12761 | Lair:1   | Learned a level 1 spell: Sandblast
 12961 | Lair:1   | Offered knowledge of Orb of Destruction by Vehumet.
 13233 | Lair:3   | Found a staircase to the Shoals.
 13558 | Lair:3   | Learned a level 4 spell: Passage of Golubria
 13731 | Lair:5   | Found a bloodstained altar of Trog.
 13748 | Lair:5   | Reached XP level 18. HP: 107/107 MP: 38/38
 13923 | Lair:4   | Found a staircase to the Snake Pit.
 14006 | Lair:5   | Found a staircase to the Slime Pits.
 14006 | Lair:5   | Found a viscous altar of Jiyva.
 14120 | Lair:5   | Learned a level 6 spell: Statue Form
 14124 | Lair:5   | Learned a level 3 spell: Regeneration
 14315 | Lair:6   | Entered Level 6 of the Lair of Beasts
 14316 | Lair:6   | Reached skill level 15 in Shields
 14316 | Lair:6   | Reached skill level 1 in Fighting
 14527 | Lair:6   | Reached skill level 5 in Dodging
 14541 | Lair:6   | Reached skill level 5 in Fighting
 14548 | Lair:6   | Offered knowledge of Fire Storm by Vehumet.
 14548 | Lair:6   | Offered knowledge of Tornado by Vehumet.
 14548 | Lair:6   | Offered knowledge of Ignition by Vehumet.
 14584 | Lair:6   | Got a warped battleaxe
 14721 | Lair:6   | Sergey: hey
 14721 | Lair:6   | p0werm0de: !
 14954 | Shoals:1 | Entered Level 1 of the Shoals
 14967 | Shoals:1 | Noticed Frances
 14971 | Shoals:1 | Killed Frances
 15185 | Shoals:1 | Identified the +6 battleaxe of Uwkyekli {chop, rF++ MR+ Stlth+} (You found it on level 6 of the Lair of Beasts)
 15366 | Shoals:2 | Reached XP level 19. HP: 140/140 MP: 39/39
 15427 | Shoals:2 | Found a runed door.
 15529 | Shoals:3 | Reached skill level 10 in Fighting
 15615 | Shoals:3 | Reached skill level 10 in Dodging
 15741 | Shoals:4 | Entered Level 4 of the Shoals
 15812 | Shoals:4 | Noticed Ilsuiw
 15825 | Shoals:4 | Killed Ilsuiw
 16090 | Shoals:4 | Got a barnacled rune of Zot
 16340 | Snake:1  | Entered Level 1 of the Snake Pit
 16410 | Snake:1  | You fall through a shaft!
 16411 | Snake:2  | Found Iptesh's Armour Emporium.
 16584 | Snake:4  | Entered Level 4 of the Snake Pit
 16585 | Snake:4  | Reached XP level 20. HP: 157/157 MP: 40/40
 16764 | Snake:4  | Reached skill level 1 in Evocations
 16769 | Snake:4  | Reached skill level 5 in Evocations
 16784 | Snake:4  | Got a serpentine rune of Zot
 17039 | Snake:1  | Reached skill level 1 in Charms
 17118 | Snake:1  | Reached skill level 1 in Necromancy
 17435 | D:15     | Found a staircase to the Depths.
 17440 | Depths:1 | Entered Level 1 of the Depths
 17440 | Depths:1 | Noticed Ghella's ghost (adept DDBe)
 17454 | Depths:1 | Reached skill level 5 in Charms
 17455 | Depths:1 | Noticed Saint Roka
 17460 | Depths:1 | Noticed a lich
 17462 | Depths:1 | Paralysed by a lich for 5 turns
 17467 | Depths:1 | Killed a lich
 17471 | Depths:1 | Noticed Sojobo
 17479 | Depths:1 | Reached skill level 5 in Necromancy
 17482 | Depths:1 | Reached XP level 21. HP: 107/165 MP: 21/41
 17483 | Depths:1 | Killed Sojobo
 17489 | Depths:1 | Killed Saint Roka
 17775 | Depths:2 | Reached skill level 17 in Spellcasting
 17832 | Depths:2 | Identified the cursed -4 helmet of Gintopn {SInv} (You found it on level 2 of the Depths)
 17873 | Depths:2 | Found a one-way gate leading to the halls of Pandemonium.
 17938 | Depths:2 | Learned a level 9 spell: Fire Storm
 17986 | Depths:3 | Reached skill level 1 in Fire Magic
 17986 | Depths:3 | Reached skill level 1 in Conjurations
 18144 | Depths:3 | Noticed Mara
 18149 | Depths:3 | Killed Mara
 18149 | Depths:3 | Reached XP level 22. HP: 172/172 MP: 42/43
 18194 | Depths:3 | Reached skill level 5 in Fire Magic
 18194 | Depths:3 | Reached skill level 5 in Conjurations
 18196 | Depths:3 | Reached skill level 18 in Spellcasting
 18364 | Depths:2 | Reached skill level 1 in Armour
 18415 | Depths:4 | Found a gateway to Hell.
 18570 | Depths:3 | Found a one-way gate to the infinite horrors of the Abyss.
 18575 | Depths:3 | Found a corrupted altar of Lugonu.
 18612 | Depths:3 | Noticed a golden dragon
 18615 | Depths:3 | Noticed a caustic shrike
 18617 | Depths:3 | Killed a golden dragon
 18618 | Depths:3 | Noticed a caustic shrike
 18621 | Depths:3 | Killed a caustic shrike
 18624 | Depths:3 | Killed a caustic shrike
 18626 | Depths:3 | Noticed a caustic shrike
 18746 | Depths:4 | Reached XP level 23. HP: 163/178 MP: 45/45
 18774 | Depths:3 | Identified the +1 quarterstaff of the Evening {crush, rN+} (You found it on level 3 of the Depths)
 18820 | Depths:4 | Learned a level 6 spell: Iron Shot
 18845 | Depths:4 | Paralysed by a great orb of eyes for 6 turns
 18858 | Depths:4 | Paralysed by a great orb of eyes for 3 turns
 18925 | Depths:4 | Found a gateway to a ziggurat.
 18952 | Depths:5 | Entered Level 5 of the Depths
 18973 | Depths:5 | Reached skill level 10 in Fire Magic
 18976 | Depths:5 | Reached skill level 10 in Conjurations
 18992 | Depths:5 | Noticed a caustic shrike
 18992 | Depths:5 | Noticed a caustic shrike
 18994 | Depths:5 | Noticed a caustic shrike
 19081 | Zig:1    | Entered Level 1 of a ziggurat
 19097 | Zig:2    | Entered Level 2 of a ziggurat
 19115 | Zig:3    | Entered Level 3 of a ziggurat
 19131 | Zig:3    | Identified the Incunabulum of Fetching Orientation
 19134 | Zig:4    | Entered Level 4 of a ziggurat
 19136 | Zig:4    | Noticed Hinluuzi the pandemonium lord
 19146 | Zig:5    | Entered Level 5 of a ziggurat
 19180 | Zig:6    | Entered Level 6 of a ziggurat
 19213 | Zig:6    | Reached XP level 24. HP: 182/185 MP: 45/45
 19215 | Zig:7    | Entered Level 7 of a ziggurat
 19243 | Zig:8    | Entered Level 8 of a ziggurat
 19251 | Zig:8    | Noticed a Killer Klown
 19253 | Zig:8    | Noticed a Killer Klown
 19255 | Zig:8    | Killed a Killer Klown
 19255 | Zig:8    | Killed a Killer Klown
 19296 | Zig:9    | Entered Level 9 of a ziggurat
 19304 | Zig:9    | Noticed a greater mummy
 19304 | Zig:9    | Noticed a greater mummy
 19310 | Zig:9    | Killed a greater mummy
 19310 | Zig:9    | Reached skill level 19 in Spellcasting
 19315 | Zig:9    | Killed a greater mummy
 19346 | Zig:9    | Identified the +2 scale mail of the Dwarven Hall {Dex+2} (You found it on level 9 of a ziggurat)
 19368 | Zig:10   | Entered Level 10 of a ziggurat
 19376 | Zig:10   | Noticed a greater mummy
 19387 | Zig:10   | Noticed a greater mummy
 19388 | Zig:10   | Noticed a greater mummy
 19391 | Zig:10   | Killed a greater mummy
 19391 | Zig:10   | Killed a greater mummy
 19393 | Zig:10   | Killed a greater mummy
 19436 | Zig:10   | Reached XP level 25. HP: 185/185 MP: 46/46
 19447 | Zig:10   | Learned a level 2 spell: Sublimation of Blood
 19461 | Zig:10   | Identified the +7 chain mail of the Vacuum {rF+ Slay+3} (You found it on level 10 of a ziggurat)
 19473 | Zig:10   | Learned a level 8 spell: Ignition
 19474 | Zig:11   | Entered Level 11 of a ziggurat
 19517 | Zig:11   | Identified the ring of Tomits {Ice *Slow rElec Dex+7 Slay-4} (You found it on level 11 of a ziggurat)
 19544 | Zig:12   | Entered Level 12 of a ziggurat
 19558 | Zig:12   | Reached XP level 26. HP: 187/192 MP: 46/46
 19577 | Zig:12   | Identified the +3 executioner's axe "Ceokkimn" {pain, +Fly Str+4} (You found it on level 12 of a ziggurat)
 19579 | Zig:12   | Identified the +5 demon blade of Trauma {drain, rF+} (You found it on level 12 of a ziggurat)
 19633 | Zig:13   | Entered Level 13 of a ziggurat
 19693 | Zig:13   | Reached XP level 27. HP: 198/198 MP: 46/46
 19694 | Zig:13   | Reached skill level 20 in Spellcasting
 19696 | Zig:14   | Entered Level 14 of a ziggurat
 19719 | Zig:14   | Reached skill level 15 in Conjurations
 19719 | Zig:14   | Reached skill level 15 in Fire Magic
 19809 | Zig:14   | Identified the cursed ring "Qelila" {rN+ AC-6} (You found it on level 14 of a ziggurat)
 19823 | Zig:14   | Identified the +12 chain mail "Evuilin" {-Cast rPois rF- MR+++} (You found it on level 14 of a ziggurat)
 19833 | Zig:14   | Identified the +2 pair of boots "Quetull" {MP+9 Str+4} (You acquired it on level 14 of a ziggurat)
 19834 | Zig:14   | Identified the +2 hat of Pats {Int+4} (You acquired it on level 14 of a ziggurat)
 19835 | Zig:14   | Identified the ring of Quricuw {rN+ MP+9 Int+6 Dex+3} (You acquired it on level 14 of a ziggurat)
 19901 | Zig:15   | Entered Level 15 of a ziggurat
 19979 | Zig:15   | Got a transparent turquoise ring
 19987 | Zig:15   | Identified Sif Muna's Disquisition on Venom and Augmentations
 19992 | Zig:15   | Identified the Collected Works on Frigorific Air
 19995 | Zig:15   | Got a heavily runed pewter ring
 19998 | Zig:15   | Got a clouded turquoise ring
 20008 | Zig:15   | Identified the ring "Nuicio Bion" {rN+ MR+ MP+9 Dex-2} (You found it on level 15 of a ziggurat)
 20009 | Zig:15   | Identified the cursed ring of the Enemy {rElec rN+ AC-2} (You found it on level 15 of a ziggurat)
 20010 | Zig:15   | Identified the ring of the Salamander {+Inv rF++ MR- SInv} (You found it on level 15 of a ziggurat)
 20029 | Zig:16   | Entered Level 16 of a ziggurat
 20051 | Zig:16   | Noticed Uvaps the pandemonium lord
 20052 | Zig:16   | Killed Uvaps the pandemonium lord
 20106 | Zig:16   | Identified the cursed +1 chain mail "Fuodghur" {+Inv rC+} (You found it on level 16 of a ziggurat)
 20120 | Zig:17   | Entered Level 17 of a ziggurat
 20168 | Zig:17   | Identified the amulet "Tutus" {RegenMP rPois Int+4 Dex+2} (You found it on level 17 of a ziggurat)
 20178 | Zig:17   | Identified the Reference Book on Icy Fire
 20182 | Zig:17   | Identified the ring of Virtue {rC+ rN++ Dex-4} (You found it on level 17 of a ziggurat)
 20197 | Zig:17   | Reached skill level 21 in Spellcasting
 20199 | Zig:17   | Identified the cursed +0 plate armour "Ciywyet" {rN+ MR+ Stlth+} (You found it on level 17 of a ziggurat)
 20204 | Zig:17   | Identified the cursed +0 plate armour of Charity {Str+2} (You found it on level 17 of a ziggurat)
 20216 | Zig:18   | Entered Level 18 of a ziggurat
 20252 | Zig:18   | Found the +10 zealot's sword {holy, *Rage rN+ EV+3}
 20252 | Zig:18   | Found the +2 robe of Vines {NoPotionHeal Regen+7}
 20263 | Zig:18   | Identified the Papyrus of Shape Shifting and Evil Rites
 20271 | Zig:18   | Got a scintillating bone ring
 20313 | Zig:19   | Entered Level 19 of a ziggurat
 20322 | Zig:19   | Noticed an ancient lich
 20324 | Zig:19   | Killed an ancient lich
 20364 | Zig:19   | Identified the ring of Cysa {*Drain MP+9 Dex+4 Stlth+} (You found it on level 19 of a ziggurat)
 20367 | Zig:19   | Identified Uheacuep's Advanced Steps in Spellweaving
 20370 | Zig:19   | Identified the ring "Fosiguc" {rCorr MP+9} (You found it on level 19 of a ziggurat)
 20409 | Zig:20   | Entered Level 20 of a ziggurat
 20429 | Zig:20   | Reached skill level 22 in Spellcasting
 20458 | Zig:20   | Got a faintly humming buckler
 20487 | Zig:20   | Identified the +3 buckler of Indecent Exposure {rN+} (You found it on level 20 of a ziggurat)
 20498 | Zig:20   | Got a dazzling leather armour
 20509 | Zig:20   | Identified the +3 leather armour of Hedging {+Fly MR+} (You found it on level 20 of a ziggurat)
 20528 | Zig:21   | Entered Level 21 of a ziggurat
 20549 | Zig:21   | Reached skill level 23 in Spellcasting
 20631 | Zig:21   | Found the +3 salamander hide armour {+Rage rF++}
 20631 | Zig:21   | Found the +9 sword of Zonguldrok {reap}
 20645 | Zig:21   | Identified the amulet of Yhekus {RegenMP rN+} (You found it on level 21 of a ziggurat)
 20646 | Zig:21   | Identified the Incunabulum of Harmful Fire
 20672 | Zig:22   | Entered Level 22 of a ziggurat
 20686 | Zig:22   | Noticed Futwoweo the pandemonium lord
 20691 | Zig:22   | Paralysed by Futwoweo for 3 turns
 20692 | Zig:22   | Noticed Urukoqat the pandemonium lord
 20693 | Zig:22   | Noticed Juysem the pandemonium lord
 20694 | Zig:22   | Noticed Zinomig the pandemonium lord
 20695 | Zig:22   | Noticed Hagrig Isuff the pandemonium lord
 20695 | Zig:22   | Noticed Kere the pandemonium lord
 20695 | Zig:22   | Noticed Fyiliwki the pandemonium lord
 20695 | Zig:22   | Noticed Gomoetah the pandemonium lord
 20695 | Zig:22   | Noticed Joboimo the pandemonium lord
 20695 | Zig:22   | Noticed Uti Estryisk the pandemonium lord
 20696 | Zig:22   | Noticed Jumev the pandemonium lord
 20696 | Zig:22   | Noticed Medaq the pandemonium lord
 20702 | Zig:23   | Entered Level 23 of a ziggurat
 20749 | Zig:23   | Noticed a juggernaut
 20751 | Zig:23   | Killed a juggernaut
 20779 | Zig:23   | Noticed a juggernaut
 20782 | Zig:23   | Killed a juggernaut
 20782 | Zig:23   | Reached skill level 24 in Spellcasting
 20783 | Zig:23   | Noticed a juggernaut
 20786 | Zig:23   | Killed a juggernaut
 20846 | Zig:23   | Identified Sif Muna's Handbook of Shifting Intoxication
 20858 | Zig:24   | Entered Level 24 of a ziggurat
 20885 | Zig:24   | Noticed an orb of fire
 20885 | Zig:24   | Noticed an orb of fire
 20885 | Zig:24   | Gained mutation: You are weak. (Str -2) [an orb of fire]
 20889 | Zig:24   | Noticed an orb of fire
 20889 | Zig:24   | Noticed an orb of fire
 20895 | Zig:24   | Killed an orb of fire
 20895 | Zig:24   | Reached skill level 25 in Spellcasting
 20898 | Zig:24   | Killed an orb of fire
 20900 | Zig:24   | Noticed an orb of fire
 20901 | Zig:24   | Killed an orb of fire
 20901 | Zig:24   | Killed an orb of fire
 20903 | Zig:24   | Noticed an orb of fire
 20905 | Zig:24   | Noticed an orb of fire
 20905 | Zig:24   | Killed an orb of fire
 20908 | Zig:24   | Killed an orb of fire
 20929 | Zig:24   | Reached skill level 26 in Spellcasting
 20940 | Zig:24   | Killed from afar by an orb of fire

Vault maps used:
D:1:      dpeg_arrival_fog
D:2:      overflow_temple_1_default
D:3:      grunt_temple_overflow_open, chequers_ecumenical_altar_grove
D:4:      serial_shops, shop, minmay_bisected, uniq_blork_the_orc, uniq_robin
D:5:      lemuel_doored_altar, minmay_temple_entry_crystal_x, first_ration,
          kennysheep_generic_room_11
D:7:      minmay_the_grid_octo_triangle, basic_altar
D:8:      minitemple
D:9:      lemuel_round_altar, orc_0_dummy, serial_bayou, serial_bayou_lagoon_a,
          serial_bayou_ford_a, serial_bayou_shore_b, serial_bayou_pond_e
D:11:     david_lair_shrubbed, uniq_fannar
D:14:     lightli_vaults_fourway_checkpoint, portal_ice_cave_entry_imps,
          kennysheep_small_spiral, grunt_livestock, uniq_kirke, uniq_louise
D:15:     hangedman_depths_entry_civil_slaughter, grunt_decor_arrowhead,
          evilmike_minifort, uniq_sonja
Lair:1:   lemuel_ratsnest
Lair:2:   statuecave_lemuel, grunt_megastairs_3, serial_bayou_shore_b,
          uniq_gastronok
Lair:3:   minmay_shoals_entry_beasts, grunt_megastairs_1, serial_bayou_shore_b,
          lemuel_fruit_tree, lemuel_fruit_fields
Lair:4:   infiniplex_staircase_pool, grunt_megastairs_4, lemuel_fruit_fields,
          serial_bayou_shore_a
Lair:5:   wad_woods_stonehenge, slime_altar_1, st_stairs_6
Lair:6:   evilmike_catoblepas_cave, wad_woods_road_03, grunt_megastairs_5
Shoals:1: nicolae_shoals_drake_roost, uniq_frances
Shoals:2: lightli_airlock
Shoals:3: argonaut_gorgonesque
Shoals:4: shoals_end_grunt_garden, shoals_ilsuiw_ice,
          nicolae_shoals_stone_sculpture_thing
Snake:1:  serial_shops, nicolae_shop_waterfront
Snake:2:  serial_shops, shop_statue
Snake:4:  snake_pit, nicolae_snake_round_shape_thing, grunt_ministairs_10
Orc:1:    basic_altar, serial_shops, shop
Orc:2:    st_orc_elflike, roderic_batcave, uniq_azrael, uniq_josephine,
          uniq_erolcha, uniq_donald
Elf:1:    eino_elf_arrival_customs, serial_shops, shop,
          hangedman_elven_crosses_minicolossus
Elf:3:    elf_hall, uniq_aizul, uniq_asterion
Depths:1: dk_noncrumbling_4, hangedman_geh_valley,
          nemelex_xobeh_ov_fountains_minmay, serial_bayou_shore_b, uniq_sojobo,
          uniq_saint_roka
Depths:2: minmay_skeleton_keep, pf_hell_entry_tar_river,
          hangedman_decor_clover_reticule, pan_entry, serial_bayou_lake_a,
          infiniplex_staircase_pool_1
Depths:3: grunt_bent_corner, pan_entry, kennysheep_cluttered_room,
          grunt_hell_horde, abyss_entry_flame_altar, kennysheep_island_fort,
          firewood_loft, uniq_mara
Depths:4: constructs_gauntlet_mu_hangedman, enter_ziggurat_a, abyss_entry,
          hell_entry, infiniplex_staircase_pillars_2
Depths:5: grunt_zot_entry_hairpin, minmay_misc_feat_more_columns, hell_entry,
          serial_shops, nicolae_shop_crystal, serial_bayou_shore_b
Zig:3:    ziggurat_pillar_centre_c
Zig:13:   ziggurat_pillar_centre_smoke
Zig:14:   ziggurat_pillar_centre_oklobs
Zig:16:   ziggurat_pillar_centre_drop
Zig:21:   ziggurat_pillar_centre_more_plants
Zig:24:   ziggurat_pillar_centre_dead_trees
IceCv:    ice_cave_caverns_01

Skill      XL: |  1  2  3  4  5  6  7  8  9 10 11 12 13 14 15 16 17 18 19 20 21 22 23 24 25 26 27 |
---------------+----------------------------------------------------------------------------------+-----
Earth Magic    | 4 5 6 7 9 11 13 14 16 17 18 19 20 21 | 21.7
Spellcasting   | 3 4 5 6 8 9 11 12 13 14 15 16 17 18 19 26 | 26.0
Shields        | 3 6 8 10 12 13 14 15 | 15.0
Fighting       | 9 13 14 | 14.4
Dodging        | 9 12 14 | 14.0
Evocations     | 6 |  6.0
Charms         | 6 8 |  8.3
Necromancy     | 5 7 |  7.0
Fire Magic     | 4 9 11 13 14 17 | 17.0
Conjurations   | 4 9 11 13 14 19 | 19.4
Armour         | 2 |  2.6
Stealth        | |  1.7
Transmutations | |  1.1

Action                   |  1- 3 |  4- 6 |  7- 9 | 10-12 | 13-15 | 16-18 | 19-21 | 22-24 | 25-27 || total
-------------------------+-------+-------+-------+-------+-------+-------+-------+-------+-------++-------
Melee: Whip              |    61 |    34 |       |       |       |       |       |       |       ||    95
       Flail             |       |    46 |    32 |       |       |       |       |       |       ||    78
       Quarterstaff      |       |       |       |    66 |       |       |       |       |       ||    66
       Staff             |       |       |       |    12 |    95 |       |       |       |       ||   107
       Demon blade       |       |       |       |       |    14 |       |       |       |       ||    14
 Cast: Sandblast         |    27 |    35 |    65 |    95 |   119 |    45 |    75 |    32 |     2 ||   495
       Stone Arrow       |     3 |     7 |     6 |     6 |     1 |       |       |       |       ||    23
       Lee's Rapid Decon |       |       |    28 |   103 |   253 |   174 |    52 |    33 |     1 ||   644
       Passwall          |       |       |       |     4 |     4 |     7 |     2 |       |       ||    17
       Petrify           |       |       |       |       |     4 |       |       |       |       ||     4
       Shatter           |       |       |       |       |       |   107 |   155 |   112 |   131 ||   505
       Apportation       |       |       |       |       |       |     4 |     1 |       |     2 ||     7
       Regeneration      |       |       |       |       |       |       |    11 |    15 |    25 ||    51
       Passage of Golubr |       |       |       |       |       |       |       |     1 |       ||     1
       Ignition          |       |       |       |       |       |       |       |       |    25 ||    25
       Fire Storm        |       |       |       |       |       |       |       |       |    48 ||    48
       Sublimation of Bl |       |       |       |       |       |       |       |       |     4 ||     4
       Iron Shot         |       |       |       |       |       |       |       |       |     4 ||     4
 Abil: Hop               |       |       |     1 |     1 |     4 |     2 |       |     2 |       ||    10
Evoke: Wand              |       |       |       |       |     1 |     6 |       |     4 |       ||    11
  Use: Potion            |     1 |     1 |     3 |       |     4 |     7 |     3 |     7 |     8 ||    34
       Scroll            |       |       |     5 |    13 |    15 |    14 |     9 |     7 |    35 ||    98
 Stab: Sleeping          |     2 |       |       |       |       |       |       |       |       ||     2
  Eat: Chunk             |       |     5 |     7 |    27 |    28 |    67 |    59 |    46 |       ||   239
       Ration            |       |       |     2 |     1 |     5 |     5 |    11 |     5 |     9 ||    38
Armor: Robe              |    26 |    21 |    23 |    34 |    39 |    26 |    21 |     7 |     7 ||   204
       Troll leather arm |       |       |       |       |    27 |       |       |       |       ||    27
       Scale mail        |       |       |       |       |       |    12 |       |       |       ||    12
       Skin              |       |       |       |       |       |       |       |     1 |       ||     1
Dodge: Dodged            |    69 |    85 |    69 |   120 |   163 |    60 |   132 |    45 |    36 ||   779
Block: Other             |       |       |    23 |     8 |       |       |       |       |       ||    31
       Reflection        |       |       |     2 |       |       |       |       |       |       ||     2
       Shield            |       |       |       |    21 |   214 |   124 |   152 |    66 |    45 ||   622
       Buckler           |       |       |       |       |    23 |       |       |       |       ||    23
       Rpst.: Demon blade |       |       |       |       |     4 |       |       |       |       ||     4

Table legend:
 A = Spawn XP
 B = Non-spawn XP
 C = Spawn XP percentage of total XP
 D = Spawn monster count
 E = Non-spawn monster count
 F = Spawn count percentage of total count
 G = Total turns spent on level
                    A         B        C        D         E        F      G
               +---------+---------+-------+---------+---------+-------+---------
         Total |       0 | 1352149 |   0.0 |       0 |    2185 |   0.0 | 20940
               +---------+---------+-------+---------+---------+-------+---------
           D:1 |       0 |      27 |   0.0 |       0 |      14 |   0.0 |   461
           D:2 |       0 |      49 |   0.0 |       0 |      15 |   0.0 |   389
           D:3 |       0 |      33 |   0.0 |       0 |      12 |   0.0 |   363
           D:4 |       0 |     606 |   0.0 |       0 |      33 |   0.0 |   573
           D:5 |       0 |     399 |   0.0 |       0 |      10 |   0.0 |   377
           D:6 |       0 |     935 |   0.0 |       0 |      21 |   0.0 |   482
           D:7 |       0 |    3266 |   0.0 |       0 |      35 |   0.0 |   866
           D:8 |       0 |     567 |   0.0 |       0 |       9 |   0.0 |   346
           D:9 |       0 |    2246 |   0.0 |       0 |      28 |   0.0 |   847
          D:10 |       0 |    2341 |   0.0 |       0 |      36 |   0.0 |   514
          D:11 |       0 |    4106 |   0.0 |       0 |      25 |   0.0 |   742
          D:12 |       0 |    7170 |   0.0 |       0 |      37 |   0.0 |   849
          D:13 |       0 |    9795 |   0.0 |       0 |      34 |   0.0 |   602
          D:14 |       0 |   18896 |   0.0 |       0 |      61 |   0.0 |   685
          D:15 |       0 |   13891 |   0.0 |       0 |      23 |   0.0 |   539
        Lair:1 |       0 |    3776 |   0.0 |       0 |      50 |   0.0 |   376
        Lair:2 |       0 |    1522 |   0.0 |       0 |       5 |   0.0 |   220
        Lair:3 |       0 |    9860 |   0.0 |       0 |      38 |   0.0 |   461
        Lair:4 |       0 |    5299 |   0.0 |       0 |      24 |   0.0 |   230
        Lair:5 |       0 |    4366 |   0.0 |       0 |      19 |   0.0 |   572
        Lair:6 |       0 |   26732 |   0.0 |       0 |      83 |   0.0 |   603
      Shoals:1 |       0 |   16683 |   0.0 |       0 |      32 |   0.0 |   297
      Shoals:2 |       0 |   25312 |   0.0 |       0 |      49 |   0.0 |   220
      Shoals:3 |       0 |   21486 |   0.0 |       0 |      45 |   0.0 |   352
      Shoals:4 |       0 |   39884 |   0.0 |       0 |      66 |   0.0 |   404
       Snake:1 |       0 |    4834 |   0.0 |       0 |      10 |   0.0 |   144
       Snake:2 |       0 |   17189 |   0.0 |       0 |      33 |   0.0 |   244
       Snake:4 |       0 |   52437 |   0.0 |       0 |      84 |   0.0 |   274
         Orc:1 |       0 |    1103 |   0.0 |       0 |      25 |   0.0 |   260
         Orc:2 |       0 |   18568 |   0.0 |       0 |      79 |   0.0 |  1184
         Elf:1 |       0 |   21975 |   0.0 |       0 |      35 |   0.0 |   663
         Elf:2 |       0 |   18845 |   0.0 |       0 |      29 |   0.0 |   481
         Elf:3 |       0 |   88264 |   0.0 |       0 |      80 |   0.0 |  1076
      Depths:1 |       0 |   61394 |   0.0 |       0 |      68 |   0.0 |   180
      Depths:2 |       0 |   54930 |   0.0 |       0 |      93 |   0.0 |   413
      Depths:3 |       0 |  115264 |   0.0 |       0 |     122 |   0.0 |   659
      Depths:4 |       0 |   27400 |   0.0 |       0 |      31 |   0.0 |   360
      Depths:5 |       0 |   18572 |   0.0 |       0 |      16 |   0.0 |    29
         Zig:1 |       0 |     739 |   0.0 |       0 |       2 |   0.0 |    16
         Zig:2 |       0 |     739 |   0.0 |       0 |       3 |   0.0 |    18
         Zig:3 |       0 |    1229 |   0.0 |       0 |       6 |   0.0 |    19
         Zig:4 |       0 |    3511 |   0.0 |       0 |       3 |   0.0 |    12
         Zig:5 |       0 |    4592 |   0.0 |       0 |       8 |   0.0 |    34
         Zig:6 |       0 |    7481 |   0.0 |       0 |      10 |   0.0 |    35
         Zig:7 |       0 |    9553 |   0.0 |       0 |      15 |   0.0 |    28
         Zig:8 |       0 |   18193 |   0.0 |       0 |       9 |   0.0 |    53
         Zig:9 |       0 |   17707 |   0.0 |       0 |      27 |   0.0 |    72
        Zig:10 |       0 |   24198 |   0.0 |       0 |      23 |   0.0 |   106
        Zig:11 |       0 |   14681 |   0.0 |       0 |      20 |   0.0 |    70
        Zig:12 |       0 |   15861 |   0.0 |       0 |      22 |   0.0 |    89
        Zig:13 |       0 |   24580 |   0.0 |       0 |      25 |   0.0 |    63
        Zig:14 |       0 |   33493 |   0.0 |       0 |      26 |   0.0 |   205
        Zig:15 |       0 |   31270 |   0.0 |       0 |      31 |   0.0 |   128
        Zig:16 |       0 |   48977 |   0.0 |       0 |      30 |   0.0 |    91
        Zig:17 |       0 |   41090 |   0.0 |       0 |      33 |   0.0 |    96
        Zig:18 |       0 |   33835 |   0.0 |       0 |      44 |   0.0 |    97
        Zig:19 |       0 |   45082 |   0.0 |       0 |      55 |   0.0 |    96
        Zig:20 |       0 |   50976 |   0.0 |       0 |      59 |   0.0 |   119
        Zig:21 |       0 |   38773 |   0.0 |       0 |      54 |   0.0 |   144
        Zig:23 |       0 |   67771 |   0.0 |       0 |      75 |   0.0 |   156
        Zig:24 |       0 |   83218 |   0.0 |       0 |      43 |   0.0 |    82
         IceCv |       0 |   14578 |   0.0 |       0 |      53 |   0.0 |   593
               +---------+---------+-------+---------+---------+-------+---------
